Unix NetHack Version 5.0.0-0 post-release - last build Jun 10 2026 00:39:30 (3ee93aec679c4c4259841fe613dc97188e26a321,branch:main).

Game began 2026-06-15 01:07:39, ended 2026-06-15 01:15:35.

ARFwashere, neutral male human Archeologist

                                                   -------------
                                                  #-...........|
               ----------                         #|...........|
              #-........|                -----    #|...........|
           ####|......(.|                +...-#   #+...........|
          ##   |........|                |...|#   #|...........|
          #    -.--------                |...|#   #--.----------
    #     #     )                       #....|########B@
 ---|-----#     ###          ------     #|...|#   # # #########
 |.......|#       #          |....|     #-----    # #    ########
 |.......|#       ##         |....|    ##         # #     ---.--+---
 |......)-#        #         |....|    #          # #     ...()....|
 |.......|         #        #......#####          # #     |........|
 ------|--         ##     ###------               ####    |...)....|
       #           -.---  #                    ------#    |..h.....|
                   |.(.-[##                    |..<..#    |........|
                   |>..|                       +....|##   ----------
                   |...|                       |.....
                   --.--                       ------
                     #
ARFwashere the Field Worker  St:9 Dx:12 Co:12 In:17 Wi:13 Ch:13  Neutral
Dlvl:3  $:56 HP:0(22) Pw:14(14) AC:4  Xp:3 T:1438  Burdened

Latest messages:
 The newt is killed!
 Your kitten eats a newt corpse.
 You hear the footsteps of a guard on patrol.
 The kitten drops a dagger.
 You swap places with your kitten.
 You see here a +0 leather armor.
 You see here a large box.
 You have a little trouble lifting $ - 16 gold pieces (56 in total).
 You see here a statue of a hobbit.
 You see here a large box.
 Hmmm, the large box turns out to be locked.
 In what direction? j
 You kick a locked large box.
 THUD!
 You break open the lock!
 You see here a broken large box.
 You decipher the label on your scroll labeled DUAM XNAHT.
 You have a little trouble removing D - a scroll of enchant armor.
 You hear the footsteps of a guard on patrol.
 You find a hidden door.
 The large kobold throws a dart!
 The dart slips as the large kobold throws it!
 In what direction? k
 This door is locked.
 The large kobold hits!
 You hit the large kobold!
 The large kobold misses!
 You miss the large kobold.
 You kill the large kobold!
 You see here 6 darts.
 You feel agile!
 You must have been working on your reflexes.
 The giant bat misses!
 The giant bat bites!
 The giant bat misses!
 You hit the giant bat.
 The giant bat bites!
 The giant bat bites!
 You miss the giant bat.
 The giant bat bites!
 The giant bat bites!
 You miss the giant bat.
 The giant bat bites!
 The giant bat bites!
 You die...
 Do you want your possessions identified? [ynq] (y) n
 Do you want to see your attributes? [ynq] (y) n
 Do you want an account of creatures vanquished? [ynaq] (y) n
 Do you want to see your conduct and achievements? [ynq] (y) n
 Do you want to see the dungeon overview? [ynq] (y) n

Inventory:
 Coins    ('$')
  $ - 56 gold pieces
 Weapons  (')')
  v - a +0 elven dagger (at the ready)
  a - a +2 bullwhip (alternate weapon; not wielded)
 Armor    ('[')
  c - an uncursed +0 fedora
  l - a cursed -1 orcish helm (being worn)
  w - a blessed +1 elven mithril-coat (being worn)
 Comestibles  ('%')
  x - an uncursed slime mold
  d - 5 uncursed food rations
  t - an uncursed fortune cookie
 Scrolls  ('?')
  D - an uncursed scroll of enchant armor
  q - 2 uncursed scrolls of enchant weapon
  C - an uncursed scroll of identify
  m - an uncursed scroll of magic mapping
  s - an uncursed scroll of teleportation
 Potions  ('!')
  k - an uncursed potion of gain ability
  i - a blessed potion of gain level
 Rings    ('=')
  o - an uncursed ring of protection from shape changers
  y - an uncursed ring of sustain ability
 Wands    ('/')
  A - a wand of cold (0:3)
  B - a wand of locking (0:8)
  n - a wand of sleep (0:5)
  z - a wand of speed monster (0:8)
 Tools    ('(')
  h - an empty uncursed sack
  p - an empty uncursed sack
  e - a +0 pick-axe (weapon in right hand)
  f - a tinning kit (0:46)
 Gems/Stones  ('*')
  g - an uncursed touchstone

ARFwashere the Archeologist's attributes:

Background:
 You were a Field Worker, a level 3 male human Archeologist.
 You were neutral, on a mission for Camaxtli
 who was opposed by Quetzalcoatl (lawful) and Huhetotl (chaotic).
 You were right-handed.
 You were in the Dungeons of Doom, on level 3.
 You entered the dungeon 1438 turns ago.
 It was nighttime.
 There was a new moon in effect when your adventure ended.
 You had 52 experience points, 28 more were needed to attain level 4.

Basics:
 You had 0 out of 22 hit points.
 You had all 14 energy points (spell power).
 Your armor class was 4.
 Your wallet contained 56 zorkmids.
 Autopickup was on for '$' plus thrown.

Final Characteristics:
 Your strength was 9 (limit:18/100).
 Your dexterity was 12 (limit:18).
 Your constitution was 12 (limit:18).
 Your intelligence was 17 (limit:18).
 Your wisdom was 13 (limit:18).
 Your charisma was 13 (limit:18).

Final Status:
 You weren't hungry.
 You were burdened; movement was slightly slowed.
 You were wielding a pick-axe.
 You had basic skill with pick-axe.

Final Attributes:
 You were devoutly aligned.
 You had automatic searching.
 You were guarded.
 You are dead.

Miscellaneous:
 You didn't encounter any bones levels.
 Total elapsed playing time was 7 minutes and 55 seconds.

Major events:
 Turn
    1: ARFwashere the neutral male human Archeologist entered the dungeon
  480: entered the Gnomish Mines
 1207: attained the rank of Field Worker (level 3)
 1438: killed by a giant bat

You didn't know any spells.

Skills:
 Fighting Skills
   bare handed combat [Unskilled]
   two weapon combat  [Unskilled]
   riding             [Unskilled]
 Weapon Skills
   dagger             [Unskilled]
   knife              [Unskilled]
   pick-axe           [Basic]
   short sword        [Unskilled]
   saber              [Unskilled]
   club               [Unskilled]
   quarterstaff       [Unskilled]
   sling              [Unskilled]
   dart               [Unskilled]
   boomerang          [Unskilled]
   whip               [Basic]
   unicorn horn       [Unskilled]
 Spellcasting Skills
   attack spells      [Unskilled]
   healing spells     [Unskilled]
   divination spells  [Unskilled]
   matter spells      [Unskilled]

Voluntary challenges:
 Character rerolling was not enabled.
 You never genocided any monsters.
 You never polymorphed an object.
 You never changed form.
 You used no wishes.
Achievements:
 You entered the Gnomish Mines.
 You attained the rank of Field Worker.

 The Dungeons of Doom: levels 1 to 3
    Level 1:
       An altar to Camaxtli, a fountain.
    Level 2:
       A fountain, a sink.
       Stairs down to The Gnomish Mines.
    Level 3: <- You were here.
       Final resting place for
          you, killed by a giant bat.
 The Gnomish Mines:
    Level 3:


Vanquished creatures:
  3 hobbits
  a large kobold
  a giant rat
  3 geckos
  4 jackals
  a kobold
  2 goblins
  4 grid bugs
  4 newts
23 creatures vanquished.

No species were genocided or became extinct.

Game over:
                       ----------
                      /          \
                     /    REST    \
                    /      IN      \
                   /     PEACE      \
                  /                  \
                  |    ARFwashere    |
                  |      56 Au       |
                  |   killed by a    |
                  |    giant bat     |
                  |                  |
                  |                  |
                  |       2026       |
                 *|     *  *  *      | *
        _________)/\\_//(\/(/\)/\//\/|_)_______

Goodbye ARFwashere the Archeologist...

You died in The Dungeons of Doom on dungeon level 3 with 359 points,
and 56 pieces of gold, after 1438 moves.
You were level 3 with a maximum of 22 hit points when you died.

